 Dungeon Crawl Stone Soup version 0.20-a0-1025-g4706f7e (console) character file.

39312 nht the Brawler (level 13, -3/87 HPs)
             Began as a Demonspawn Hunter on Apr 19, 2017.
             Was a High Priest of Okawaru.
             Slain by a harpy (6 damage)
             ... on level 6 of the Lair of Beasts.
             The game lasted 00:45:09 (16077 turns).

nht the Brawler (Demonspawn Hunter)                Turns: 16077, Time: 00:45:10

Health: -3/87      AC:  8    Str: 14    XL:     13   Next: 68%
Magic:  0/21       EV: 15    Int: 17    God:    Okawaru [*****.]
Gold:   877        SH:  0    Dex: 13    Spells: 12/12 levels left

rFire    + + .     SeeInvis .   a - +2 hand crossbow
rCold    . . .     Gourm    .   (no shield)
rNeg     . . .     Faith    .   n - +3 leather armour {rF+}
rPois    .         Spirit   +   x - +0 hat of Jauph {*Contam MR+ Stlth+}
rElec    .         Reflect  .   g - +1 cloak
rCorr    .         Harm     .   (no gloves)
MR       ++...     Clarity  +   (no boots)
Stlth    +++++.....             w - amulet of regeneration
Regen    0.7/turn               e - ring of wizardry
MPRegen  0.2/turn               i - ring of protection from fire

@: lethally poisoned (-3 -> -3), about to teleport, heroism, very slightly
contaminated
A: claws 2, horns 2, camouflage 1, clarity, magic resistance 1, powered by pain
2, screaming 1, magic shield
a: Heroism, Finesse, Renounce Religion


You were on level 6 of the Lair of Beasts.
You worshipped Okawaru.
Okawaru was extremely pleased with you.
You were not hungry.

You visited 3 branches of the dungeon, and saw 17 of its levels.
You also visited: Volcano.

You collected 877 gold pieces.

Inventory:

Hand Weapons
 a - a +2 hand crossbow (weapon)
 E - the +7 Singing Sword
   (You found it on level 5 of the Dungeon)
Missiles
 d - 168 bolts (quivered)
Armour
 g - a +1 cloak (worn)
 n - a +3 leather armour of fire resistance (worn)
 x - the +0 hat of Jauph (worn) {*Contam MR+ Stlth+}
   (Okawaru gifted it to you on level 1 of the Lair of Beasts)

   It affects your resistance to hostile enchantments.
   It causes magical contamination when unequipped.
   It makes you more stealthy.
Jewellery
 e - a ring of wizardry (left claw)
 i - a ring of protection from fire (right claw)
 w - an amulet of regeneration (around neck)
Wands
 j - a wand of confusion (11/48)
 p - a wand of confusion (21/48)
 y - a wand of enslavement (10/24)
 C - a wand of digging (16/24)
 N - a wand of clouds (0/9)
Scrolls
 c - a scroll of blinking
 k - 3 scrolls of fog
 m - 2 scrolls of fear
 o - 8 scrolls of teleportation
 s - a scroll of enchant weapon
 t - 3 scrolls of identify
 u - 9 scrolls of remove curse
Potions
 h - 5 potions of flight
 q - 3 potions of mutation
 r - 2 potions of cancellation
 v - a potion of heal wounds
 D - 2 potions of ambrosia
 G - 4 potions of resistance
 H - a potion of curing
 J - a potion of brilliance {unknown}
 K - a potion of might {unknown}
 L - 3 potions of berserk rage
Books
 B - a book of Misfortune

   Spells                             Type                      Level
   a - Confusing Touch                Hexes                        1
   b - Confuse                        Hexes                        3
   c - Gell's Gravitas                Translocation                3
   d - Petrify                        Transmutation/Earth          4
   e - Metabolic Englaciation         Hexes/Ice                    5
   f - Yara's Violent Unravelling     Hexes/Transmutation          5
Miscellaneous
 z - a phial of floods
Comestibles
 b - 9 meat rations
 f - 11 bread rations
 l - 17 chunks of flesh
 A - 4 royal jellies
 F - 21 fruits


   Skills:
 - Level 3.5(8.5) Fighting
 - Level 10.0(15.0) Crossbows
 - Level 1.7(6.7) Dodging
 - Level 0.8(5.8) Stealth
 * Level 17.1(22.1) Unarmed Combat
 - Level 11.0 Invocations


You had 12 spell levels left.
You didn't know any spells.

Dungeon Overview and Level Annotations

Branches:
Dungeon (10/15)            Temple (1/1) D:4            Lair (6/6) D:9
 Shoals (0/4) Lair:2        Snake (0/4) Lair:4        Slime (0/5) Lair:5
    Orc: D:9-12

Altars:
Ashenzari
Cheibriados
Dithmenos
Elyvilon
Fedhas
Gozag
Hepliaklqana
Kikubaaqudgha
Makhleb
Nemelex Xobeh
Okawaru
Qazlal
Ru
Sif Muna
Trog
Uskayaw
Vehumet
Wu Jian
Xom
Yredelemnul
Zin
The Shining One

Annotations:
D:4 exclusion: statue
D:9 Erica
Lair:2 rcorr, exclusion: oklob plant
Lair:3 rcorr, exclusion: oklob plant


Innate Abilities, Weirdness & Mutations

You have very sharp fingernails.
You have a pair of horns on your head.
You sometimes gain power by taking damage.
When hurt, damage is shared between your health and your magic reserves.
Your skin changes colour to match your surroundings (Stealth+).
You possess an exceptional clarity of mind.
You are resistant to hostile enchantments. (MR+)
You occasionally shout uncontrollably at your foes.


Message History

Press: ? - help, Dir - move target cursor, p - polar bear You are very lightly contaminated with residual magic.
As you read the scroll of blinking, it crumbles to dust.
You feel sick.
As you read the scroll of teleportation, it crumbles to dust.
You feel strangely unstable.
Firing (i - inventory): No suitable missiles.
Press: ? - help, Shift-Dir - straight line, f - harpy
Aim: a harpy
Okay, then.
a - a +2 hand crossbow (weapon)
Firing (i - inventory):
d - 169 bolts (quivered)
Press: ? - help, Shift-Dir - straight line, f - harpy
Aim: a harpy You shoot a bolt.
The bolt hits the harpy!!
The harpy is heavily wounded.
You feel sick.
The polar bear rages.
The harpy completely misses you. The harpy claws you!
You die...

≈≈ .......... ≈ .
█......... █ ..
█...█..PP. ...
█.......█
....██......P█.
...............
...............
█..@..P█P...█...≈≈
█....H..........≈P≈≈≈
██.....P.........█ ≈.
█......h........≈██P█
█P...............≈P≈
█
█.................≈≈≈
██......█.........≈█
█.......█...§..((≈█
█........≈≈≈


You could see a polar bear (berserk) and a harpy.

Vanquished Creatures
  An ogre mage (Volcano)
  The ghost of Kite the Severer, a journeyman MiBe of Trog (D:9)
  Harold (Lair:3)
  3 hydras
  8 two-headed ogres
  Urug (D:10)
  A hell knight (Volcano)
  A manticore (Lair:2)
  3 elephants (Lair:5)
  Joseph (D:10)
  A torpor snail (Lair:4)
  6 black mambas
  7 spiny frogs
  2 centaur skeletons
  3 rime drakes
  8 komodo dragons
  4 polar bears
  2 wind drakes (Lair:6)
  24 blink frogs
  6 hippogriffs
  24 yaks
  Eustachio (D:6)
  2 wyverns (Lair:6)
  5 basilisks
  A hungry ghost (D:7)
  Menkaure (D:5)
  A naga (Lair:4)
  9 water moccasins
  2 hell hounds (Lair:3)
  8 porcupines
  5 ice beasts
  A black bear (Lair:4)
  3 orc warriors
  A hornet zombie (D:10)
  3 ogres
  2 phantoms
  The ghost of bworf the Chopper, an amateur HOGl (D:3)
  12 wolves
  6 centaurs
  9 crocodiles
  2 big kobolds
  13 bullfrogs
  A gnoll sergeant (D:8)
  5 scorpions
  A wyvern skeleton (D:7)
  3 killer bees (D:10)
  3 wights (D:8)
  A howler monkey (D:6)
  3 electric eels
  4 crimson imps
  2 bullfrog zombies
  5 orc wizards
  A hound (D:8)
  4 jellies
  A bullfrog skeleton (D:5)
  5 orc priests
  3 iguanas
  6 worker ants
  4 worker ant zombies
  A howler monkey zombie (D:5)
  10 gnolls
  10 adders
  4 shadow imps
  2 oozes
  2 worms
  A dart slug (D:5)
  6 leopard geckos
  29 orcs
  A giant cockroach (D:4)
  4 jackals (D:1)
  4 kobolds
  3 quokkas (D:3)
  A ball python (D:6)
  12 bats
  2 frilled lizards (D:4)
  6 goblins
  5 rats
  A plant (Lair:2)
352 creatures vanquished.

Vanquished Creatures (others)
  A yak (Lair:3)
  An orc (D:4)
  22 fungi
  7 plants
31 creatures vanquished.

Grand Total: 383 creatures vanquished

Notes
Turn   | Place    | Note
-------+----------+-------------------------------------------
     0 | D:1      | nht the Demonspawn Hunter began the quest for the Orb.
     0 | D:1      | Reached XP level 1. HP: 16/16 MP: 1/1
   379 | D:1      | Gained mutation: You have a pair of small horns on your head. [demonic ancestry]
   379 | D:1      | Reached XP level 2. HP: 22/22 MP: 2/2
  1269 | D:2      | Gained mutation: You have a pair of horns on your head. [demonic ancestry]
  1269 | D:2      | Reached XP level 3. HP: 27/27 MP: 3/3
  1894 | D:3      | Noticed bworf's ghost (amateur HOGl)
  1902 | D:3      | Killed bworf's ghost
  1902 | D:3      | Reached skill level 5 in Crossbows
  1902 | D:3      | Reached XP level 4. HP: 23/33 MP: 4/4
  2194 | D:3      | Gained mutation: You sometimes gain a little power by taking damage. [demonic ancestry]
  2194 | D:3      | Reached XP level 5. HP: 38/38 MP: 5/5
  2741 | D:4      | Found a staircase to the Ecumenical Temple.
  2758 | Temple   | Entered the Ecumenical Temple
  2844 | Temple   | Became a worshipper of Warmaster Okawaru
  2983 | D:4      | Found a sacrificial altar of Ru.
  2985 | D:4      | Found a burning altar of Makhleb.
  3348 | D:4      | Found a radiant altar of Vehumet.
  3348 | D:4      | Noticed a frost-covered statue
  3399 | D:4      | Gained mutation: When hurt, damage is shared between your health and your magic reserves. [demonic ancestry]
  3399 | D:4      | Reached XP level 6. HP: 44/44 MP: 6/6
  3810 | D:5      | Entered Level 5 of the Dungeon
  4526 | D:5      | Gained mutation: You have sharp fingernails. [demonic ancestry]
  4526 | D:5      | Reached XP level 7. HP: 40/50 MP: 5/7
  4591 | D:5      | Reached * piety under Okawaru
  4715 | D:5      | Noticed Menkaure
  4918 | D:6      | Noticed Eustachio
  5275 | D:6      | Gained mutation: Your skin changes colour to match your surroundings (Stealth+). [potion of mutation]
  5275 | D:6      | Gained mutation: You possess an exceptional clarity of mind. [potion of mutation]
  5275 | D:6      | Gained mutation: You occasionally shout uncontrollably at your foes. [potion of mutation]
  5275 | D:6      | Gained mutation: You are resistant to hostile enchantments. (MR+) [potion of mutation]
  5285 | D:6      | Reached skill level 1 in Invocations
  5285 | D:6      | Reached XP level 8. HP: 47/56 MP: 3/8
  5695 | D:7      | Noticed a hippogriff
  5711 | D:7      | Killed a hippogriff
  5711 | D:7      | Reached ** piety under Okawaru
  5727 | D:6      | Reached skill level 5 in Invocations
  5732 | D:6      | Reached skill level 10 in Crossbows
  6166 | D:7      | Found a sparkling altar of Nemelex Xobeh.
  6166 | D:7      | Found an ornate altar of the Wu Jian Council.
  6352 | D:7      | Gained mutation: You have very sharp fingernails. [demonic ancestry]
  6352 | D:7      | Reached XP level 9. HP: 55/64 MP: 10/14
  6457 | D:7      | Reached skill level 1 in Unarmed Combat
  6538 | D:6      | Killed Eustachio
  6538 | D:6      | Reached skill level 2 in Unarmed Combat
  6661 | D:6      | Reached *** piety under Okawaru
  6702 | D:6      | Reached skill level 3 in Unarmed Combat
  7263 | D:5      | Killed Menkaure
  7263 | D:5      | Reached skill level 4 in Unarmed Combat
  7359 | D:5      | Reached skill level 5 in Unarmed Combat
  7538 | D:7      | Reached **** piety under Okawaru
  7633 | D:8      | Received a gift from Okawaru
  7633 | D:8      | Reached skill level 6 in Unarmed Combat
  7985 | D:8      | Noticed a two-headed ogre
  8001 | D:8      | Killed a two-headed ogre
  8001 | D:8      | Received a gift from Okawaru
  8001 | D:8      | Reached skill level 7 in Unarmed Combat
  8001 | D:8      | Reached XP level 10. HP: 24/70 MP: 3/15
  8088 | D:9      | Reached skill level 8 in Unarmed Combat
  8092 | D:9      | Noticed Kite's ghost (journeyman MiBe)
  8114 | D:7      | Received a gift from Okawaru
  8455 | D:10     | Entered Level 10 of the Dungeon
  8668 | D:10     | Reached skill level 9 in Unarmed Combat
  8833 | D:10     | Noticed a two-headed ogre
  8841 | D:10     | Reached ***** piety under Okawaru
  8847 | D:10     | Received a gift from Okawaru
  8855 | D:10     | Killed a two-headed ogre
  8855 | D:10     | Reached skill level 10 in Unarmed Combat
  8919 | D:10     | Noticed Urug
  8938 | D:10     | Killed Urug
  9199 | D:10     | Noticed Joseph
  9214 | D:10     | Killed Joseph
  9275 | D:10     | Reached skill level 11 in Unarmed Combat
  9411 | D:9      | Noticed Erica
  9462 | D:9      | Killed Kite's ghost
  9462 | D:9      | Reached XP level 11. HP: 62/75 MP: 7/16
  9623 | D:9      | Found a staircase to the Lair.
  9774 | Lair:1   | Entered Level 1 of the Lair of Beasts
  9913 | Lair:1   | Received a gift from Okawaru
  9969 | Lair:1   | Reached skill level 12 in Unarmed Combat
  9972 | Lair:1   | Got an encrusted hat {god gift}
 10045 | Lair:1   | Identified the +0 hat of Jauph {*Contam MR+ Stlth+} (Okawaru gifted it to you on level 1 of the Lair of Beasts)
 10609 | Lair:2   | Found a staircase to the Shoals.
 10644 | Lair:2   | Noticed an oklob plant
 11103 | Lair:2   | Reached skill level 13 in Unarmed Combat
 11775 | Lair:3   | Noticed a four-headed hydra
 11785 | Lair:3   | Killed a four-headed hydra
 11785 | Lair:3   | Received a gift from Okawaru
 11860 | Lair:3   | Received a gift from Okawaru
 11865 | Lair:3   | Reached XP level 12. HP: 71/81 MP: 14/17
 11957 | Lair:3   | Received a gift from Okawaru
 12127 | Lair:3   | Reached skill level 14 in Unarmed Combat
 12136 | Lair:3   | Found a dark tunnel.
 12143 | Volcano  | Entered a volcano
 12159 | Volcano  | Noticed an ogre mage
 12171 | Volcano  | Killed an ogre mage
 12174 | Volcano  | Found a bloodstained altar of Trog.
 12175 | Volcano  | Noticed a two-headed ogre
 12193 | Volcano  | Killed a two-headed ogre
 12199 | Volcano  | Noticed a two-headed ogre
 12204 | Volcano  | Noticed a two-headed ogre
 12215 | Volcano  | Noticed a two-headed ogre
 12219 | Volcano  | Killed a two-headed ogre
 12221 | Volcano  | Killed a two-headed ogre
 12223 | Volcano  | Noticed a two-headed ogre
 12224 | Volcano  | Noticed a two-headed ogre
 12231 | Volcano  | Killed a two-headed ogre
 12239 | Volcano  | Killed a two-headed ogre
 12248 | Volcano  | Killed a two-headed ogre
 12248 | Volcano  | Reached skill level 10 in Invocations
 12487 | Lair:3   | Noticed Harold
 12498 | Lair:3   | Killed Harold
 12553 | Lair:3   | Reached skill level 15 in Unarmed Combat
 13383 | Lair:3   | Received a gift from Okawaru
 13609 | Lair:4   | Found a staircase to the Snake Pit.
 13668 | Lair:4   | Gained mutation: You sometimes gain power by taking damage. [demonic ancestry]
 13668 | Lair:4   | Reached XP level 13. HP: 87/87 MP: 21/21
 13826 | Lair:4   | Received a gift from Okawaru
 13840 | Lair:4   | Got a distressingly furry buckler {god gift}
 14128 | Lair:4   | You fall through a shaft!
 14243 | Lair:4   | Identified the +1 buckler "Lurghi" {-Tele rN+ Str+2 Int+4} (Okawaru gifted it to you on level 4 of the Lair of Beasts)
 14300 | Lair:3   | Reached skill level 16 in Unarmed Combat
 15180 | Lair:5   | Found a staircase to the Slime Pits.
 15793 | Lair:6   | Entered Level 6 of the Lair of Beasts
 15909 | Lair:6   | Reached skill level 17 in Unarmed Combat
 16073 | Lair:6   | HP: 3/87 [polar bear (3)]
 16077 | Lair:6   | Slain by a harpy

Vault maps used:
D:1:      dpeg_arrival_brainrot, serial_forest, infiniplex_forest_clump_long,
          infiniplex_forest_side_room, infiniplex_forest_lined_corner,
          infiniplex_forest_straight_2, infiniplex_forest_end_3,
          kennysheep_decorative_pillar
D:3:      first_bread
D:4:      chequers_temple_overflow_statue_of_worship, vehumet_statue,
          minmay_temple_entry_poolview
D:5:      old_forge, uniq_menkaure
D:6:      uniq_eustachio
D:7:      gammafunk_temple_overflow_elements
D:9:      lair_entry_dummy, uniq_erica
D:10:     uniq_urug, uniq_joseph
Temple:   minmay_crystal_spiral_temple
Lair:2:   minmay_shoals_entry_beasts, eino_small_chamber_without_monster,
          serial_bayou_lagoon_a, serial_bayou_pond_b, minmay_lair_oklob_items,
          grunt_forest_small_clearings
Lair:3:   enter_volcano_3, gammafunk_lair_bear_cave, serial_bayou_shore_b,
          minmay_lair_oklob_chamber, uniq_harold
Lair:4:   guppyfry_snake_entry_garden, lemuel_fruit_tree,
          infiniplex_staircase_pool, grunt_megastairs_1
Lair:5:   dpeg_slime_entry_corner
Lair:6:   gammafunk_lair_ancient_temple
Volcano:  kennysheep_volcano_temple

Skill      XL: |  1  2  3  4  5  6  7  8  9 10 11 12 13 |
---------------+----------------------------------------+-----
Crossbows      | 4 5 6 7 9 10 | 10.0
Invocations    | 1 6 7 11 | 11.0
Fighting       | 3 |  3.5
Unarmed Combat | 7 11 13 15 17 | 17.1
Dodging        | |  1.7
Stealth        | |  0.8

Action                   |  1- 3 |  4- 6 |  7- 9 | 10-12 | 13-15 || total
-------------------------+-------+-------+-------+-------+-------++-------
Melee: Short sword       |       |    87 |   214 |       |       ||   301
       Headbutt          |       |    13 |    65 |    56 |    45 ||   179
       Punch             |       |       |     2 |    23 |    16 ||    41
       Spear             |       |       |    84 |       |       ||    84
       Unarmed           |       |       |    31 |   329 |   231 ||   591
 Fire: Hand crossbow     |    59 |    72 |   172 |   408 |    70 ||   781
Throw: Javelin           |       |     4 |    11 |       |       ||    15
Invok: Heroism           |       |       |    15 |    16 |     7 ||    38
       Finesse           |       |       |       |     5 |     1 ||     6
Evoke: Wand              |       |       |     5 |    31 |     5 ||    41
       Phial of floods   |       |       |       |     1 |       ||     1
  Use: Potion            |       |     5 |    12 |     5 |     1 ||    23
       Scroll            |       |    14 |     5 |     8 |     5 ||    32
 Stab: Invisible         |       |     6 |       |       |       ||     6
       Sleeping          |       |       |     1 |     3 |     2 ||     6
       Paralysed         |       |       |       |     1 |       ||     1
       Confused          |       |       |       |       |     1 ||     1
  Eat: Chunk             |     3 |     8 |     6 |    20 |     8 ||    45
       Meat ration       |       |       |     1 |       |       ||     1
Armor: Chain mail        |    12 |    11 |       |       |       ||    23
       Leather armour    |     3 |    43 |    83 |    75 |    27 ||   231
       Skin              |       |       |       |     5 |     4 ||     9
Dodge: Dodged            |    10 |   104 |   239 |   220 |   134 ||   707
